[Event "Lichtenrader Herbst 2019"]
[Site "Berlin"]
[Date "2019.10.18"]
[Round "7.8"]
[White "Daverkausen, Bernd"]
[Black "Rettore, Ludwig"]
[Result "0-1"]
[ECO "A86"]
[WhiteElo "2122"]
[BlackElo "2068"]
[Annotator "NA"]
[PlyCount "60"]
[EventDate "2019.10.12"]
[EventType "swiss"]
[EventCountry "GER"]
[SourceTitle "playchess.com"]
[Source "ChessBase"]
[SourceQuality "1"]
[TimeControl "40/5400+30:1800+30"]

1. c4 f5 2. g3 Nf6 3. Bg2 g6 4. d4 Bg7 5. Nc3 O-O 6. Nh3 d6 7. d5 e5 8. dxe6 Bxe6 9. Qb3 Nbd7 10. Qxb7 Rb8 11. Qxa7 Bxc4 12. Qa4 Nb6 13. Qc2 d5 14. Nf4 d4 15. Na4 d3 16. exd3 Re8+ 17. Be3 Bf7 18. Nxb6 Rxb6 19. O-O Rxe3 20. fxe3 Ng4 21. Qa4 Nxe3 22. Rfe1 Nxg2 23. Nxg2 Bd4+ 24. Ne3 Re6 25. Kf2 f4 26. gxf4 Qh4+ 27. Kg2 Bxe3 28. Qa8+ Kg7 29. Qf3 Bxf4 30. Rxe6 Qxh2+ 0-1

[Event "Lichtenrader Herbst 2019"]
[Site "Berlin"]
[Date "2019.10.19"]
[Round "8.1"]
[White "Matthes, Aaron"]
[Black "Noetzel, Felix"]
[Result "1-0"]
[ECO "A29"]
[WhiteElo "1995"]
[BlackElo "2233"]
[Annotator "NA"]
[PlyCount "79"]
[EventDate "2019.10.12"]
[EventType "swiss"]
[EventCountry "GER"]
[SourceTitle "playchess.com"]
[Source "ChessBase"]
[SourceQuality "1"]
[TimeControl "40/5400+30:1800+30"]

1. c4 e5 2. g3 Nf6 3. Bg2 d5 4. cxd5 Nxd5 5. Nc3 Nb6 6. Nf3 Nc6 7. O-O Be7 8. Rb1 a5 9. d3 Be6 10. Be3 O-O 11. Rc1 f6 12. a3 Qd7 13. Na4 Nxa4 14. Qxa4 Rfd8 15. Qb5 Nd4 16. Nxd4 exd4 17. Qxd7 Rxd7 18. Bd2 c5 19. e3 a4 20. Rfe1 Kf7 21. exd4 cxd4 22. Bf4 g5 23. Bc7 Rc8 24. Bb6 Rxc1 25. Rxc1 Bf5 26. Rc4 Bd8 27. Bxd8 Rxd8 28. Bf1 b5 29. Rc5 Bd7 30. Rd5 Ke6 31. Rxd4 Rc8 32. Rxd7 Kxd7 33. Bh3+ Kc7 34. Bxc8 Kxc8 35. Kg2 g4 36. f3 f5 37. fxg4 fxg4 38. Kf2 Kd7 39. Ke3 Kd6 40. Ke4 {[%emt 0:01:47] Kd5+} 1-0

[Event "Lichtenrader Herbst 2019"]
[Site "Berlin"]
[Date "2019.10.19"]
[Round "8.2"]
[White "Rettore, Ludwig"]
[Black "Starostits, Ilmars"]
[Result "0-1"]
[ECO "B19"]
[WhiteElo "2068"]
[BlackElo "2479"]
[Annotator "ChessBase"]
[PlyCount "50"]
[EventDate "2019.10.12"]
[EventType "swiss"]
[EventCountry "GER"]
[SourceTitle "playchess.com"]
[Source "ChessBase"]
[SourceQuality "1"]
[TimeControl "40/5400+30:1800+30"]

1. e4 c6 2. d4 d5 3. Nd2 dxe4 4. Nxe4 Bf5 5. Ng3 Bg6 6. h4 h6 7. Nf3 Nd7 8. h5 Bh7 9. Bd3 Bxd3 10. Qxd3 e6 11. Bd2 Bd6 12. Ne4 Bc7 13. O-O-O Ngf6 14. Kb1 Nxe4 15. Qxe4 Nf6 16. Qe2 Qd5 17. Ka1 Rd8 18. c4 Qe4 19. Be3 Qf5 20. d5 cxd5 21. cxd5 O-O 22. dxe6 Qxe6 23. Nd4 Qe4 24. f3 Qe5 25. Bf2 Rxd4 0-1

[Event "Lichtenrader Herbst 2019"]
[Site "Berlin"]
[Date "2019.10.19"]
[Round "8.3"]
[White "Kovalev, Andrei"]
[Black "Schnabel, Ralf"]
[Result "1-0"]
[ECO "B12"]
[WhiteElo "2511"]
[BlackElo "2235"]
[Annotator "ChessBase"]
[PlyCount "69"]
[EventDate "2019.10.12"]
[EventType "swiss"]
[EventCountry "GER"]
[SourceTitle "playchess.com"]
[Source "ChessBase"]
[SourceQuality "1"]
[TimeControl "40/5400+30:1800+30"]

1. e4 c6 2. d4 d5 3. e5 c5 4. dxc5 e6 5. a3 Nc6 6. Nf3 Bxc5 7. b4 Bb6 8. Bb2 Nge7 9. Bd3 Ng6 10. O-O Nf4 11. Re1 Nxd3 12. Qxd3 O-O 13. Nbd2 Ne7 14. a4 a6 15. Nb3 Bd7 16. Bd4 Bxd4 17. Nfxd4 Rc8 18. Nc5 Rc7 19. a5 Nc6 20. Nxc6 Bxc6 21. Qd4 Bd7 22. Rad1 Qe7 23. Rd3 Rfc8 24. Rc3 Bb5 25. h4 Bc4 26. Rb1 h6 27. Rg3 Bb5 28. Qg4 Qf8 29. Qf4 Kh8 30. Rbb3 Be2 31. Rbc3 Bh5 32. Nxe6 Rxc3 33. Nxf8 Rxg3 34. Qxg3 Rxf8 35. Qc3 1-0

[Event "Lichtenrader Herbst 2019"]
[Site "Berlin"]
[Date "2019.10.19"]
[Round "8.5"]
[White "Holinka, Henning"]
[Black "Polatel, Ali"]
[Result "1-0"]
[ECO "B36"]
[WhiteElo "2101"]
[BlackElo "2235"]
[Annotator "NA"]
[PlyCount "183"]
[EventDate "2019.10.12"]
[EventType "swiss"]
[EventCountry "GER"]
[SourceTitle "playchess.com"]
[Source "ChessBase"]
[SourceQuality "1"]
[TimeControl "40/5400+30:1800+30"]

1. e4 c5 2. Nf3 g6 3. d4 cxd4 4. Nxd4 Nc6 5. c4 Nf6 6. Nc3 d6 7. Be2 Nxd4 8. Qxd4 Bg7 9. Be3 O-O 10. Qd1 Be6 11. Rc1 Qa5 12. O-O Rfc8 13. Qb3 Nd7 14. Nd5 Qd8 15. Qa3 Nc5 16. f3 a5 17. Rfd1 Bxd5 18. Rxd5 Qb6 19. b3 Qb4 20. Qxb4 axb4 21. Rc2 Ra6 22. Bf1 Bc3 23. Rd1 Bf6 24. Rdd2 Rca8 25. g3 b6 26. h4 R6a7 27. Rh2 Be5 28. f4 Bc3 29. Bxc5 dxc5 30. e5 e6 31. Rhe2 Rd8 32. Bg2 Rd1+ 33. Kh2 h6 34. Bc6 Rc7 35. Bf3 Rcd7 36. Rf2 Ra1 37. Kg2 g5 38. hxg5 hxg5 39. f5 Re1 40. fxe6 fxe6 41. Bg4 Re7 42. Rce2 Rxe2 43. Rxe2 Re8 44. Rf2 Kg7 45. Rf6 Ra8 46. Rxe6 Rxa2+ 47. Kf3 Be1 48. Rxb6 Rb2 49. Rb7+ Kh6 50. Bf5 Rxb3+ 51. Ke2 g4 52. Kxe1 Kg5 53. Bc8 Re3+ 54. Kd2 Rxe5 55. Rg7+ Kf6 56. Rxg4 Rh5 57. Rf4+ Ke5 58. Kd3 Rh1 59. Rf5+ Kd6 60. Rd5+ Kc6 61. Bd7+ Kb6 62. Ba4 Ra1 63. Bb3 Rc1 64. Kd2 Rb1 65. Kc2 Rf1 66. Rd6+ Ka5 67. Rc6 Rf2+ 68. Kc1 Rf1+ 69. Kb2 Rf2+ 70. Bc2 b3 71. Kxb3 Rf3+ 72. Kb2 Rxg3 73. Rxc5+ Kb4 74. Rc8 Rg4 75. c5 Rc4 76. c6 Kc5 77. Bf5 Kb6 78. Bd7 Rh4 79. Rb8+ Kc7 80. Rb7+ Kd6 81. Kc3 Rf4 82. Rb4 Rf1 83. Kc4 Kc7 84. Rb7+ Kd6 85. Kb5 Ra1 86. Kb6 Ra2 87. Be8 Rb2+ 88. Ka7 Re2 89. Rd7+ Kc5 90. c7 Ra2+ 91. Kb7 Rb2+ 92. Kc8 {[%emt 0:00:12] Kd5} 1-0

[Event "Lichtenrader Herbst 2019"]
[Site "Berlin"]
[Date "2019.10.19"]
[Round "8.6"]
[White "Gebigke, Martin"]
[Black "Postler, Reinhard"]
[Result "0-1"]
[ECO "D45"]
[WhiteElo "2068"]
[BlackElo "2240"]
[Annotator "NA"]
[PlyCount "114"]
[EventDate "2019.10.12"]
[EventType "swiss"]
[EventCountry "GER"]
[SourceTitle "playchess.com"]
[Source "ChessBase"]
[SourceQuality "1"]
[TimeControl "40/5400+30:1800+30"]

1. d4 d5 2. c4 e6 3. Nf3 c6 4. e3 Nf6 5. Nc3 Nbd7 6. Qc2 Bd6 7. g4 dxc4 8. Bxc4 Nd5 9. Bd2 N7b6 10. Be2 Nxc3 11. bxc3 c5 12. e4 Qc7 13. Qd3 Bd7 14. O-O c4 15. Qe3 h6 16. h4 Be7 17. Kg2 f6 18. h5 O-O-O 19. Nh4 Rhe8 20. Ng6 Bd6 21. f4 f5 22. gxf5 exf5 23. e5 Bc6+ 24. Bf3 Bxf3+ 25. Qxf3 Ba3 26. Rab1 Qd7 27. Be1 Kb8 28. Bh4 Rc8 29. Rfd1 Nd5 30. Be1 Rc6 31. Bd2 Ra6 32. Re1 Ra5 33. Re2 Ra6 34. Kh3 Ra5 35. Rg2 Be7 36. Be1 Bd8 37. Rgb2 Bb6 38. Kg3 Ra3 39. Nh4 Rd8 40. Ng6 Ka8 41. Rd1 Ba5 42. Rc1 a6 43. Kh2 Rc8 44. Rcb1 Rc7 45. Qe2 Qe6 46. Qf3 Bxc3 47. Bxc3 Rxc3 48. Qd1 Ne3 49. Qh1 Nd5 50. Nf8 Qc6 51. Ng6 Rd3 52. Qg1 c3 53. Rg2 Ne3 54. Rg3 c2 55. Rc1 Ng4+ 56. Kh3 Qe4 57. Qg2 Rcc3 0-1

[Event "Lichtenrader Herbst 2019"]
[Site "Berlin"]
[Date "2019.10.19"]
[Round "8.7"]
[White "Pixa, Richard"]
[Black "Katzir, Moshe"]
[Result "0-1"]
[ECO "D31"]
[WhiteElo "2075"]
[BlackElo "2125"]
[Annotator "NA"]
[PlyCount "89"]
[EventDate "2019.10.12"]
[EventType "swiss"]
[EventCountry "GER"]
[SourceTitle "playchess.com"]
[Source "ChessBase"]
[SourceQuality "1"]
[TimeControl "40/5400+30:1800+30"]

1. d4 d5 2. c4 e6 3. Nc3 c6 4. e4 dxe4 5. Nxe4 c5 6. Nxc5 Bxc5 7. dxc5 Qxd1+ 8. Kxd1 Nf6 9. g3 Na6 10. c6 bxc6 11. Bg2 O-O 12. Bxc6 Rb8 13. Ke2 Nb4 14. Ba4 Ba6 15. b3 Nc2 16. Rb1 Bxc4+ 17. Kd2 Bd5 18. f3 Nd4 19. Bb2 e5 20. Ba3 Rfc8 21. Bd6 Rc2+ 22. Kd3 Rbc8 23. Bxe5 Nxf3 24. Nxf3 Bxf3 25. Rhe1 Rxh2 26. Rbc1 Rd8+ 27. Ke3 Bg4 28. Bc6 Rxa2 29. Bd4 h6 30. Ra1 Rc2 31. Rac1 Rh2 32. b4 Bh5 33. Rc5 Ng4+ 34. Kd3 Bg6+ 35. Kc4 Rc2+ 36. Bc3 Rd3 37. Kb3 Rxg3 38. Re8+ Kh7 39. b5 Nf6 40. Re7 Rc1 41. Rc4 Bd3 42. Rc5 Bxb5 43. Rxf7 Bxc6 44. Rxc6 Nd5 45. Kc4 0-1

[Event "Lichtenrader Herbst 2019"]
[Site "Berlin"]
[Date "2019.10.19"]
[Round "8.8"]
[White "Miettinen, Teemu"]
[Black "Roehr, Tobias"]
[Result "1-0"]
[ECO "D85"]
[WhiteElo "2002"]
[BlackElo "2123"]
[Annotator "NA"]
[PlyCount "67"]
[EventDate "2019.10.12"]
[EventType "swiss"]
[EventCountry "GER"]
[SourceTitle "playchess.com"]
[Source "ChessBase"]
[SourceQuality "1"]
[TimeControl "40/5400+30:1800+30"]

1. d4 Nf6 2. c4 g6 3. Nc3 d5 4. cxd5 Nxd5 5. e4 Nxc3 6. bxc3 Bg7 7. Bb5+ c6 8. Ba4 O-O 9. Ne2 Nd7 10. O-O b5 11. Bb3 Bb7 12. Ng3 e5 13. Be3 Qh4 14. Qd2 h6 15. f4 exd4 16. cxd4 Nf6 17. Bd1 Rfd8 18. Rc1 a5 19. f5 Nxe4 20. Nxe4 Qxe4 21. Rf4 Qe8 22. fxg6 fxg6 23. Bb3+ Kh7 24. Rf7 Rd7 25. Rcf1 Rad8 26. Bxh6 Rxf7 27. Rxf7 Qxf7 28. Bxf7 Bxh6 29. Qd3 Rd6 30. Qe4 Ba6 31. Qe5 Bf8 32. h4 Bc8 33. Qe8 Kg7 34. Bb3 1-0

[Event "Lichtenrader Herbst 2019"]
[Site "Berlin"]
[Date "2019.10.20"]
[Round "9.1"]
[White "Shishkin, Vadim"]
[Black "Matthes, Aaron"]
[Result "1/2-1/2"]
[ECO "E21"]
[WhiteElo "2428"]
[BlackElo "1995"]
[Annotator "NA"]
[PlyCount "140"]
[EventDate "2019.10.12"]
[EventType "swiss"]
[EventCountry "GER"]
[SourceTitle "playchess.com"]
[Source "ChessBase"]
[SourceQuality "1"]
[TimeControl "40/5400+30:1800+30"]

1. d4 Nf6 2. c4 e6 3. Nc3 Bb4 4. Nf3 O-O 5. Bg5 c5 6. Rc1 cxd4 {[%emt 0:00:14] E21: Nimzo-Indian: 4 Nf3} 7. Nxd4 h6 8. Bh4 d5 9. e3 e5 10. Nf3 d4 11. exd4 exd4 {[%emt 0:00:09] Pin} 12. Bxf6 $146 ({Predecessor:} 12. Nxd4 Qb6 13. Nf3 Rd8 14. Qc2 {0-1 (35) Edouard,R (2613)-Nakamura,H (2785) Caleta 2017}) 12... Qxf6 13. Qxd4 Qe7+ 14. Qe3 Bxc3+ 15. Rxc3 Qb4 16. Qd2 Nc6 17. a3 Qa4 18. Be2 Rd8 19. Qc2 Qxc2 20. Rxc2 Be6 21. O-O Rac8 22. b4 Nd4 23. Nxd4 Rxd4 24. Rfc1 Bf5 $16 25. Rc3 a5 26. bxa5 Rc5 27. Bf3 Be4 28. Bxe4 Rxe4 29. f3 Re2 30. Kf1 Rb2 31. R1c2 Rb1+ 32. Rc1 Rb2 33. R1c2 Rb1+ 34. Kf2 Rxa5 35. Rd2 Rc5 36. Ke3 Kf8 37. Kd3 Ke7 38. Kc2 Rb6 39. Re3+ Kf6 40. Kc3 Ra5 41. Kc2 Rba6 42. Rd7 Rxa3 43. Ree7 Ra2+ 44. Kc3 R2a3+ 45. Kd4 Rd6+ 46. Rxd6+ Kxe7 47. Rb6 Ra7 48. h4 Kd7 49. Rb5 Kc6 50. Rc5+ Kd6 51. Rd5+ Kc6 52. Rf5 b6 53. h5 Ra2 54. g4 f6 55. Rf4 Ra5 56. Re4 Kd7 57. Re3 Rg5 58. Rd3 b5 59. f4 Rxg4 60. Kc5+ Kc8 61. cxb5 Rxf4 62. Rg3 Rf5+ 63. Kc6 Rxh5 64. Rxg7 Rg5 65. Rf7 Rg8 66. Kb6 Kb8 67. Ka6 h5 68. b6 f5 69. Rb7+ Ka8 70. Ra7+ Kb8 1/2-1/2

[Event "Lichtenrader Herbst 2019"]
[Site "Berlin"]
[Date "2019.10.20"]
[Round "9.2"]
[White "Starostits, Ilmars"]
[Black "Postler, Reinhard"]
[Result "1-0"]
[ECO "E04"]
[WhiteElo "2479"]
[BlackElo "2240"]
[Annotator "ChessBase"]
[PlyCount "53"]
[EventDate "2019.10.12"]
[EventType "swiss"]
[EventCountry "GER"]
[SourceTitle "playchess.com"]
[Source "ChessBase"]
[SourceQuality "1"]
[TimeControl "40/5400+30:1800+30"]

1. d4 d5 2. c4 e6 3. Nf3 Nf6 4. g3 c6 5. Bg2 dxc4 6. O-O b5 7. a4 Bb7 8. b3 cxb3 9. Qxb3 c5 10. dxc5 Nfd7 11. Be3 Qa5 12. Nbd2 Bd5 13. Qb2 b4 14. Rfc1 Nc6 15. Bh6 Nf6 16. e4 Nxe4 17. Nxe4 Bxe4 18. Bxg7 Rg8 19. Bxf8 Kxf8 20. Ng5 Rxg5 21. Bxe4 Rc8 22. Qf6 Qd8 23. Qh8+ Rg8 24. Qxh7 Nd4 25. Qh6+ Rg7 26. Rd1 e5 27. Qh8+ 1-0

[Event "Lichtenrader Herbst 2019"]
[Site "Berlin"]
[Date "2019.10.20"]
[Round "9.3"]
[White "Holinka, Henning"]
[Black "Kovalev, Andrei"]
[Result "1/2-1/2"]
[ECO "B41"]
[WhiteElo "2101"]
[BlackElo "2511"]
[Annotator "ChessBase"]
[PlyCount "106"]
[EventDate "2019.10.12"]
[EventType "swiss"]
[EventCountry "GER"]
[SourceTitle "playchess.com"]
[Source "ChessBase"]
[SourceQuality "1"]
[TimeControl "40/5400+30:1800+30"]

1. e4 c5 2. Nf3 e6 3. d4 cxd4 4. Nxd4 a6 5. c4 Nf6 6. Nc3 Qc7 7. Be2 b6 8. O-O Bb7 9. Qd3 d6 10. f4 Nbd7 11. b4 a5 12. Ndb5 Qb8 13. bxa5 Nc5 14. Qc2 Rxa5 15. Bf3 Be7 16. Be3 O-O 17. Bxc5 bxc5 18. e5 dxe5 19. fxe5 Nd7 20. Bxb7 Qxb7 21. Rae1 Ra6 22. Rf3 Qb8 23. Rh3 h6 24. Qe4 Bg5 25. Rd3 Rd8 26. Red1 Nf8 27. Rxd8 Bxd8 28. Rd6 Qc8 29. Qe3 Bg5 30. Qd3 Ra8 31. Qe4 Ra6 32. a3 Be7 33. Rxa6 Qxa6 34. Qd3 Qc6 35. Qe4 Qxe4 36. Nxe4 Nd7 37. a4 Nxe5 38. Ned6 Bxd6 39. Nxd6 Nc6 40. Nb7 Ne5 41. a5 Nxc4 42. Kf2 Kf8 43. a6 Nb6 44. Nxc5 Nc8 45. Ke3 Ke7 46. Kd4 Kd6 47. Nb7+ Kc7 48. Kc5 h5 49. h4 f6 50. Na5 Na7 51. Nc4 Nc8 52. Na5 Na7 53. Nc4 Nc8 1/2-1/2

[Event "Lichtenrader Herbst 2019"]
[Site "Berlin"]
[Date "2019.10.20"]
[Round "9.4"]
[White "Noetzel, Felix"]
[Black "Miettinen, Teemu"]
[Result "1-0"]
[ECO "E94"]
[WhiteElo "2233"]
[BlackElo "2002"]
[Annotator "NA"]
[PlyCount "95"]
[EventDate "2019.10.12"]
[EventType "swiss"]
[EventCountry "GER"]
[SourceTitle "playchess.com"]
[Source "ChessBase"]
[SourceQuality "1"]
[TimeControl "40/5400+30:1800+30"]

1. c4 Nf6 2. Nc3 g6 3. Nf3 Bg7 4. e4 d6 5. d4 Nbd7 6. Be2 e5 7. O-O O-O 8. h3 Re8 9. d5 Nc5 10. Qc2 a5 11. a3 Nh5 12. Be3 Nf4 13. b4 axb4 14. axb4 Rxa1 15. Rxa1 Na6 16. Rb1 f5 17. Bd3 Nxd3 18. Qxd3 f4 19. Bd2 g5 20. Nh2 Rf8 21. f3 h5 22. Nd1 Bf6 23. Nf2 Be7 24. Qc2 Qe8 25. Nd3 Qg6 26. Qd1 Nb8 27. Qe2 Nd7 28. Ra1 Nf6 29. Nf2 Kf7 30. Bc3 Rg8 31. Kf1 g4 32. fxg4 hxg4 33. Nhxg4 Bxg4 34. hxg4 Nxg4 35. Qxg4 Qxg4 36. Nxg4 Rxg4 37. Ra7 Rg3 38. Be1 Re3 39. Rxb7 Rxe4 40. Rxc7 Ke8 41. Bf2 Kd8 42. Rc6 Kd7 43. b5 f3 44. gxf3 Rf4 45. Ke2 e4 46. fxe4 Rxe4+ 47. Kd3 Rf4 48. Be3 1-0

[Event "Lichtenrader Herbst 2019"]
[Site "Berlin"]
[Date "2019.10.20"]
[Round "9.5"]
[White "Katzir, Moshe"]
[Black "Roehr, Oliver"]
[Result "1-0"]
[ECO "C47"]
[WhiteElo "2125"]
[BlackElo "1987"]
[Annotator "NA"]
[PlyCount "79"]
[EventDate "2019.10.12"]
[EventType "swiss"]
[EventCountry "GER"]
[SourceTitle "playchess.com"]
[Source "ChessBase"]
[SourceQuality "1"]
[TimeControl "40/5400+30:1800+30"]

1. e4 e5 2. Nc3 Nf6 3. g3 d5 4. exd5 Nxd5 5. Bg2 Nxc3 6. bxc3 Nc6 7. Nf3 Bc5 8. O-O O-O 9. d3 Bg4 10. h3 Bh5 11. g4 Bg6 12. Ng5 Bb6 13. Rb1 Qd7 14. c4 Rfe8 15. Be3 Bxe3 16. fxe3 Rab8 17. h4 h6 18. Ne4 Qe7 19. Qe1 Rf8 20. g5 Bxe4 21. Bxe4 hxg5 22. h5 Qe6 23. Qg3 Qh6 24. Qg4 Ne7 25. Qd7 Qd6 26. Qxd6 cxd6 27. Bxb7 f5 28. d4 f4 29. c5 dxc5 30. dxc5 fxe3 31. Rfe1 Nf5 32. c6 Nd4 33. c7 Rbe8 34. Rxe3 Kf7 35. Rf1+ Ke6 36. Rxf8 Rxf8 37. c8=Q+ Rxc8 38. Bxc8+ Kd5 39. c3 Nc2 40. Bb7+ 1-0

[Event "Lichtenrader Herbst 2019"]
[Site "Berlin"]
[Date "2019.10.20"]
[Round "9.6"]
[White "Wierzbicki, Jirawat"]
[Black "Fuchs, Dominik"]
[Result "1-0"]
[ECO "C54"]
[WhiteElo "2114"]
[BlackElo "1939"]
[Annotator "ChessBase"]
[PlyCount "55"]
[EventDate "2019.10.12"]
[EventType "swiss"]
[EventCountry "GER"]
[SourceTitle "playchess.com"]
[Source "ChessBase"]
[SourceQuality "1"]
[TimeControl "40/5400+30:1800+30"]

1. e4 e5 2. Nf3 Nc6 3. Bc4 Bc5 4. O-O Nf6 5. d3 d6 6. c3 a6 7. Bb3 Ba7 8. Nbd2 O-O 9. h3 Be6 10. Re1 Bxb3 11. Qxb3 Qd7 12. Nf1 h6 13. Ng3 Rab8 14. Qd1 Rfe8 15. Nh4 d5 16. Qf3 Qe6 17. Nhf5 Ne7 18. Nxe7+ Rxe7 19. Nf5 Ree8 20. Bxh6 Nxe4 21. dxe4 gxh6 22. exd5 Qg6 23. Re4 h5 24. Rh4 e4 25. Rxe4 Rxe4 26. Qxe4 Qb6 27. Qf3 Re8 28. d6 1-0

[Event "Lichtenrader Herbst 2019"]
[Site "Berlin"]
[Date "2019.10.20"]
[Round "9.7"]
[White "Schnabel, Ralf"]
[Black "Petersen, Marcel"]
[Result "1-0"]
[ECO "B85"]
[WhiteElo "2235"]
[BlackElo "1818"]
[Annotator "NA"]
[PlyCount "77"]
[EventDate "2019.10.12"]
[EventType "swiss"]
[EventCountry "GER"]
[SourceTitle "playchess.com"]
[Source "ChessBase"]
[SourceQuality "1"]
[TimeControl "40/5400+30:1800+30"]

1. e4 c5 2. Nf3 d6 3. d4 cxd4 4. Nxd4 Nf6 5. Nc3 a6 6. Be3 e6 7. Be2 Be7 8. O-O O-O 9. f4 e5 10. fxe5 dxe5 11. Nf5 Bxf5 12. Rxf5 Nc6 13. Bd3 b5 14. a3 Rc8 15. Kh1 g6 16. Rf2 Nd4 17. Bh6 Re8 18. h3 Nh5 19. Qg4 Bh4 20. Rd2 Bf6 21. Nd5 Bg7 22. Bg5 f6 23. Be3 Ne6 24. Rf1 Qd6 25. Nb6 Qe7 26. Nxc8 Rxc8 27. c3 Rd8 28. Rfd1 Kf8 29. Bb1 Rxd2 30. Rxd2 Nhf4 31. Kh2 h5 32. Qd1 f5 33. exf5 gxf5 34. Bxf5 Bh6 35. g3 Qf6 36. Bxe6 Nxe6 37. Rf2 Nf4 38. gxf4 exf4 39. Bc5+ 1-0

[Event "Lichtenrader Herbst 2019"]
[Site "Berlin"]
[Date "2019.10.20"]
[Round "9.8"]
[White "Krefenstein, Sergej"]
[Black "Nitsche, Nikolai"]
[Result "1-0"]
[ECO "C06"]
[WhiteElo "2139"]
[BlackElo "1789"]
[Annotator "ChessBase"]
[PlyCount "53"]
[EventDate "2019.10.12"]
[EventType "swiss"]
[EventCountry "GER"]
[SourceTitle "playchess.com"]
[Source "ChessBase"]
[SourceQuality "1"]
[TimeControl "40/5400+30:1800+30"]

1. e4 e6 2. d4 d5 3. Nd2 Nf6 4. e5 Nfd7 5. Bd3 c5 6. c3 Nc6 7. Ne2 f6 8. exf6 Qxf6 9. Nf3 Bd6 10. Bg5 Qf7 11. O-O e5 12. dxe5 Ndxe5 13. Nxe5 Nxe5 14. Bc2 O-O 15. Ng3 Bd7 16. f4 Ng4 17. Qd3 g6 18. h3 c4 19. Qd2 Bc5+ 20. Kh1 Ne3 21. Rf3 Nxc2 22. Qxc2 Rae8 23. Bh6 d4 24. cxd4 Bxd4 25. Bxf8 Rxf8 26. Rd1 Bc5 27. Rxd7 1-0